 Dungeon Crawl Stone Soup version 0.25.1-8-g42b30a86e7 (console) character file.

Game seed: 5310791920800718539

11141 deki the Carver (level 11, -1/110 HPs)
             Began as a Minotaur Berserker on Dec 3, 2020.
             Was an Elder of Trog.
             Slain by an ogre
             ... wielding a +0 giant club
              (11 damage)
             ... on level 1 of the Orcish Mines.
             The game lasted 01:49:02 (11186 turns).

deki the Carver (Minotaur Berserker)               Turns: 11186, Time: 01:49:03

Health: -1/110     AC: 17    Str: 25    XL:     11   Next: 45%
Magic:  10/10      EV:  7    Int:  4    God:    Trog [****..]
Gold:   779        SH:  5    Dex: 10    Spells: 10/10 levels left

rFire    . . .     SeeInvis .   x - +0 long sword (protect)
rCold    . . .     Gourm    .   B - +0 buckler
rNeg     . . .     Faith    .   K - +0 plate armour
rPois    .         Spirit   .   (helmet restricted)
rElec    .         Reflect  .   i - +0 cloak
rCorr    .         Harm     .   (no gloves)
MR       ++...                  (no boots)
Stlth    ..........             v - amulet of the acrobat
HPRegen  1.28/turn              T - +4 ring of slaying
MPRegen  0.12/turn              I - +4 ring of protection

@: regenerating, drained
A: retaliatory headbutt, horns 2
a: Berserk, Trog's Hand, Brothers in Arms, Renounce Religion


You were on level 1 of the Orcish Mines.
You worshipped Trog.
Trog was greatly pleased with you.
You were near starving.

You visited 3 branches of the dungeon, and saw 13 of its levels.

You collected 779 gold pieces.

Inventory:

Hand Weapons
 a - a +0 falchion
 x - a +0 long sword of protection (weapon)
 R - a +0 falchion
Missiles
 f - 18 boomerangs (quivered)
 m - 29 poisoned darts
 r - 88 sling bullets
 P - a throwing net
 S - 3 boomerangs of dispersal
Armour
 i - a +0 cloak (worn)
 B - a +0 buckler (worn)
 E - a +1 chain mail of positive energy
 H - +0 swamp dragon scales
 K - a +0 plate armour (worn)
Jewellery
 d - a +6 ring of intelligence
 e - an uncursed ring of see invisible
 v - an amulet of the acrobat (around neck)
 z - an uncursed amulet of guardian spirit
 C - an uncursed ring of resist corrosion
 D - an uncursed ring of stealth
 I - a +4 ring of protection (right hand)
 L - an uncursed ring of protection from fire
 T - a +4 ring of slaying (left hand)
Wands
 u - a wand of clouds (6)
 A - a wand of flame (49)
 J - a wand of disintegration (5)
 M - a wand of polymorph (9)
 O - a wand of digging (4)
Scrolls
 g - 2 scrolls of teleportation
 k - 4 scrolls of remove curse
 n - 4 scrolls of identify
 p - 2 scrolls of immolation
 q - 2 scrolls of magic mapping
 t - 2 scrolls of amnesia
 y - 2 scrolls of fog
 N - a scroll of blinking {unknown}
Potions
 b - 2 potions of curing
 h - 9 potions of degeneration
 j - a potion of mutation
 l - 2 potions of invisibility
 o - 4 potions of cancellation
 s - 5 potions of might
 w - 2 potions of flight
 F - 4 potions of stabbing
 G - a potion of heal wounds {unknown}
Comestibles
 c - 27 rations
 Q - 16 chunks of flesh


   Skills:
 - Level 14.0(12.8) Fighting
 - Level 14.0(12.8) Long Blades
 - Level 0.2(0.0) Throwing
 * Level 5.7(4.7) Armour
 - Level 2.1(1.3) Dodging
 - Level 7.0(6.0) Shields


You had 10 spell levels left.
You didn't know any spells.
Your spell library was empty.

Dungeon Overview and Level Annotations

Branches:
Dungeon (11/15)            Temple (1/1) D:5            Lair (0/6) D:10
    Orc (1/2) D:11

Altars:
Ashenzari
Cheibriados
Dithmenos
Elyvilon
Fedhas
Gozag
Hepliaklqana
Kikubaaqudgha
Makhleb
Nemelex Xobeh
Okawaru
Qazlal
Ru
Sif Muna
Trog
Uskayaw
Vehumet
Wu Jian
Xom
Yredelemnul
Zin
The Shining One


Innate Abilities, Weirdness & Mutations

You reflexively headbutt those who attack you in melee.
You have a pair of horns on your head.


Message History

The orc warrior throws a boomerang.
The boomerang completely misses you.
The weapon returns to the orc warrior!
Press: ? - help, v - describe, . - travel, g - get item A +0 dagger.
There is something else lying underneath.
The floor.
Unknown command.
The ogre hits your ogre with a +0 giant club!!
Your ogre barely misses the ogre.
The orc warrior throws a boomerang.
The boomerang hits your ogre!
Your ogre dies!
Your ogre's corpse disappears in a puff of smoke!
The weapon returns to the orc warrior!
The orc warrior throws a boomerang.
The boomerang closely misses you.
The weapon returns to the orc warrior!
You fail to use your ability.
The ogre hits you with a +0 giant club!
* * * LOW HITPOINT WARNING * * *
An orc comes into view.
The orc shouts!
Your ogre goes berserk!
You are near starving!
The ogre hits you with a +0 giant club!
You die...

#...## ###...##
#.[)...## ## ..
##)).....##.#
...#)o.o........
#....)###.....#.#
##...# #.oo...# #
#...o.##o....#
.......#.#....#
.$......O.O.#.##
....###..@.####
.... ##..#.#
#..### ##.# ###


You could see an orc warrior, an ogre, an orc wizard (strong), an orc (strong)
and a friendly ogre (summoned, berserk).

Vanquished Creatures
  An orc sorcerer (Orc:1)
  Maurice (D:11)
  2 hornets
  A troll (D:10)
  Grinder (D:5)
  Prince Ribbit (D:7)
  A shadow (D:8)
  6 yaks (D:11)
  A wyvern (D:10)
  A steam dragon (D:9)
  Duvessa (D:5)
  A hornet zombie (D:11)
  A swamp drake (D:11)
  3 orc warriors
  An eye of draining (D:9)
  An ice beast (D:6)
  4 phantoms
  2 sky beasts
  9 ogres
  6 wolves (D:10)
  4 centaurs
  6 bullfrogs
  2 big kobolds (D:10)
  A wyvern zombie (D:10)
  Dowan (D:5)
  2 scorpions
  A wyvern skeleton (D:11)
  9 killer bees (D:7)
  5 howler monkeys
  2 electric eels
  2 lava snakes (D:8)
  A bullfrog zombie (D:5)
  8 crimson imps
  A quasit (D:9)
  8 orc priests
  2 jellies
  13 orc wizards
  A bullfrog skeleton (D:5)
  2 gnoll shamans (D:10)
  4 centaur skeletons
  5 hounds
  8 worker ants
  A hound zombie (D:6)
  2 worker ant zombies (D:8)
  6 gnolls (D:10)
  2 howler monkey skeletons
  18 adders
  3 shadow imps
  2 oozes
  An adder zombie (D:9)
  4 worms (D:3)
  5 dart slugs
  7 leopard geckos
  41 orcs
  10 bats
  8 giant cockroaches
  7 goblins
  10 hobgoblins
  10 jackals
  7 kobolds
  5 quokkas
  A ball python (D:1)
  4 frilled lizards
  2 gnoll zombies (D:5)
  12 rats
301 creatures vanquished.

Vanquished Creatures (collateral kills)
  An orc warlord (Orc:1)
  Maggie (D:7)
  A tengu conjurer (D:11)
  Grum (D:10)
  Edmund (D:5)
  3 orc warriors
  A sky beast (D:7)
  2 gnoll shamans (D:10)
  2 orc priests
  An orc wizard (D:5)
  2 gnolls (D:10)
  An adder (D:7)
  7 orcs
24 creatures vanquished.

Vanquished Creatures (others)
  A quokka (D:10)
  6 fungi (D:10)
  8 plants (D:10)
15 creatures vanquished.

Grand Total: 340 creatures vanquished

Notes
Turn   | Place    | Note
-------+----------+-------------------------------------------
     0 | D:1      | deki the Minotaur Berserker began the quest for the Orb.
     0 | D:1      | Reached XP level 1. HP: 19/19 MP: 0/0
   171 | D:1      | Reached XP level 2. HP: 26/26 MP: 1/1
   454 | D:1      | Reached ** piety under Trog
   676 | D:1      | Reached skill level 5 in Long Blades
   900 | D:1      | Reached XP level 3. HP: 31/31 MP: 2/2
  1414 | D:2      | Reached XP level 4. HP: 39/39 MP: 3/3
  2210 | D:3      | Reached XP level 5. HP: 12/45 MP: 4/4
  2519 | D:3      | Reached *** piety under Trog
  3368 | D:4      | Reached XP level 6. HP: 51/51 MP: 5/5
  3585 | D:4      | Reached XP level 7. HP: 27/57 MP: 6/6
  3594 | D:4      | Reached skill level 10 in Long Blades
  3597 | D:4      | Reached **** piety under Trog
  4054 | D:5      | Entered Level 5 of the Dungeon
  4301 | D:5      | Reached skill level 1 in Shields
  4310 | D:5      | Reached XP level 8. HP: 36/64 MP: 7/7
  4340 | D:5      | Noticed Duvessa
  4351 | D:5      | Killed Duvessa
  4352 | D:5      | Noticed Dowan
  4362 | D:5      | Killed Dowan
  4799 | D:5      | Noticed Grinder
  4802 | D:5      | Reached skill level 5 in Shields
  4809 | D:5      | Killed Grinder
  4824 | D:5      | Found a staircase to the Ecumenical Temple.
  4840 | Temple   | Entered the Ecumenical Temple
  5199 | D:5      | Noticed Edmund
  5203 | D:5      | Killed Edmund
  5358 | D:5      | Found a basalt altar of Yredelemnul.
  5778 | D:6      | Reached XP level 9. HP: 70/70 MP: 8/8
  5843 | D:6      | Found an opulent altar of Gozag.
  6048 | D:7      | Noticed Prince Ribbit
  6511 | D:7      | Noticed Maggie
  6521 | D:7      | Killed Maggie
  6615 | D:7      | Killed Prince Ribbit
  6615 | D:7      | Reached skill level 5 in Fighting
  7595 | D:8      | Reached XP level 10. HP: 49/86 MP: 9/9
  8877 | D:10     | Entered Level 10 of the Dungeon
  8931 | D:10     | Reached skill level 10 in Fighting
  9142 | D:10     | Found a staircase to the Lair.
  9577 | D:10     | Noticed Grum
  9870 | D:10     | Killed Grum
 10665 | D:11     | Noticed Maurice
 10678 | D:11     | Killed Maurice
 10678 | D:11     | Reached XP level 11. HP: 106/106 MP: 10/10
 10871 | D:11     | Noticed a six-headed hydra
 10959 | D:11     | Found a staircase to the Orcish Mines.
 10999 | D:11     | Reached ***** piety under Trog
 11122 | Orc:1    | Entered Level 1 of the Orcish Mines
 11150 | Orc:1    | Noticed an orc warlord
 11161 | Orc:1    | Noticed an orc sorcerer
 11163 | Orc:1    | Killed an orc warlord
 11173 | Orc:1    | Killed an orc sorcerer
 11173 | Orc:1    | Reached skill level 5 in Armour
 11175 | Orc:1    | Noticed an orc knight
 11186 | Orc:1    | Slain by an ogre

Illustrated notes

Levels and vault maps discovered:
D:1:      roderic_crop_circles_arrival_large, layout_basic, serial_bayou,
          serial_bayou_ford_a, serial_bayou_pond_e, serial_bayou_lake_a,
          chequers_serial_rivers_small_b
D:2:      layout_loops_cross, first_ration
D:3:      layout_loops_ring
D:4:      layout_basic, serial_rivers, chequers_serial_rivers_micro_b,
          chequers_serial_rivers_micro_e, chequers_serial_rivers_micro_a,
          chequers_serial_rivers_small_b, chequers_serial_rivers_micro_c
D:5:      layout_basic, lemuel_zombie_altar_yredelemnul,
          minmay_temple_entry_statues_fountains, minmay_increasing_density,
          uniq_duvessa, uniq_grinder, uniq_edmund
D:6:      layout_rooms, grunt_gozag_statues
D:7:      layout_rooms, uniq_maggie, uniq_prince_ribbit1
D:8:      layout_basic, kennysheep_island_fort
D:9:      layout_rooms
D:10:     kennysheep_seaside_town, layout_cave_pods, erik_lair_island, uniq_grum
D:11:     minmay_inside_and_out, layout_basic, erik_orc_1, uniq_maurice
Temple:   regret_index_temple_sigil_plot
Orc:1:    layout_diamond_mine, serial_shops, nicolae_shop_stone

Skill      XL: |  1  2  3  4  5  6  7  8  9 10 11 |
---------------+----------------------------------+-----
Long Blades    | 4 5 6 8 9 11 12 14 | 14.0
Shields        | 2 7 |  7.0
Fighting       | 7 12 14 | 14.0
Armour         | 5 |  5.7
Throwing       | |  0.2
Dodging        | |  2.1

Action                   |  1- 3 |  4- 6 |  7- 9 | 10-12 || total
-------------------------+-------+-------+-------+-------++-------
Melee: Falchion          |    84 |   100 |       |       ||   184
       Headbutt          |     6 |    31 |    60 |    97 ||   194
       Long sword        |       |    44 |   345 |   359 ||   748
Throw: Boomerang         |     3 |     5 |    15 |     7 ||    30
Invok: Trog's Hand       |       |     2 |     3 |     1 ||     6
       Berserk           |       |     1 |     5 |     2 ||     8
       Brothers in Arms  |       |       |     5 |     6 ||    11
  Use: Scroll            |       |     8 |    10 |     4 ||    22
  Eat: Chunk             |     2 |     5 |    18 |    11 ||    36
       Ration            |       |     1 |     1 |     1 ||     3
Armor: Animal skin       |    10 |       |       |       ||    10
       Leather armour    |     8 |    40 |    31 |       ||    79
       Chain mail        |       |       |    73 |       ||    73
       Plate armour      |       |       |    19 |   163 ||   182
       Swamp dragon scal |       |       |    13 |       ||    13
Dodge: Dodged            |    45 |    76 |   173 |   129 ||   423
Block: Buckler           |       |       |    59 |    71 ||   130
       Rpst.: Falchion   |    14 |    14 |       |       ||    28
       Long sword        |       |     6 |    33 |    21 ||    60
